 Dungeon Crawl Stone Soup version 0.29.1-2-gbd0b4ee654 (webtiles) character file.

Game seed: 7306696368425344546

38238 croobank the Spry (level 13, -2/67 HPs)
             Began as a Felid Summoner on Nov 11, 2022.
             Was an Initiate of Gozag.
             Slain by a salamander
             ... wielding a +0 trident
              (9 damage)
             ... on level 1 of the Snake Pit on Nov 12, 2022.
             The game lasted 03:13:09 (34936 turns).

croobank the Spry (Felid Summoner)                 Turns: 34936, Time: 03:13:10

Health: -2/67      AC:  3    Str:  4    XL:     13   Next: 62%
Magic:  18/47      EV: 30    Int: 22    God:    Gozag
Gold:   276        SH:  0    Dex: 16    Spells: 1/35 levels left
                                        Lives:  0   Deaths: 3

rFire   . . .      SeeInvis +   (weapon unavailable)
rCold   + . .      Faith    .   (shield unavailable)
rNeg    . . .      Spirit   .   (body armour unavailable)
rPois   .          Reflect  .   (helmet unavailable)
rElec   .          Harm     .   (cloak unavailable)
rCorr   .          Rampage  .   (gloves unavailable)
Will    +....                   (boots unavailable)
Stlth   +++.......              M - amulet of magic regeneration
HPRegen 0.21/turn               C - ring of Sunlight {MP+9 Stlth+}
MPRegen 0.70/turn               B - ring of magical power

@: quick
A: very small, claws 1, fangs 3, see invisible, speed 1, shaggy fur 3, stealthy
paws, no weapons or thrown items, no armour, multi-lived
a: Renounce Religion, Potion Petition, Call Merchant, Bribe Branch


You were on level 1 of the Snake Pit.
You worshipped Gozag.
Gozag was aware of your devotion.
You visited 4 branches of the dungeon, and saw 21 of its levels.
You also visited: Sewer.

You collected 7391 gold pieces.
You spent 3342 gold pieces at shops.
You paid 3773 gold pieces to Gozag.

Inventory:

Jewellery
 h - a ring of protection from cold
 r - a ring of fire
 B - a ring of magical power (right paw)
 C - the ring of Sunlight (left paw) {MP+9 Stlth+}
   (You found it on level 9 of the Dungeon)

   [ring of magical power]

   MP:        It affects your magic capacity (+9).
   Stlth:     It makes you more stealthy.
 H - a +6 ring of dexterity
 I - a ring of protection from fire
 J - an amulet of reflection
 M - an amulet of magic regeneration (around neck)
 N - a ring of ice
Wands
 k - a wand of mindburst (5)
 q - a wand of paralysis (22)
 x - a wand of flame (40)
 y - a wand of acid (10)
 E - a wand of polymorph (4)
 L - a wand of digging (4)
Scrolls
 b - 2 scrolls of silence
 i - 2 scrolls of poison
 l - 12 scrolls of identify
 n - a scroll of enchant armour
 p - 7 scrolls of amnesia
 u - 2 scrolls of vulnerability
 v - a scroll of fear
 w - 3 scrolls of butterflies
 A - a scroll of immolation
 D - a scroll of noise
 F - a scroll of magic mapping
 G - a scroll of teleportation
Potions
 a - 2 potions of magic
 c - 6 potions of brilliance
 d - 4 potions of curing
 e - 2 potions of might
 f - 7 potions of flight
 g - 3 potions of berserk rage
 j - 8 potions of cancellation
 m - 2 potions of ambrosia
 o - 6 potions of haste
 s - a potion of mutation
 t - 3 potions of attraction
 z - 4 potions of lignification
 O - a potion of resistance
Miscellaneous
 K - a lightning rod (4/4)


   Skills:
 * Level 14.2 Fighting
 * Level 18.3 Dodging
 - Level 3.0 Stealth
 + Level 11.5 Spellcasting
 - Level 7.0 Hexes
 + Level 11.7 Summonings
 - Level 5.6 Translocations
 * Level 5.1 Transmutations
 + Level 7.7 Air Magic


You had one spell level left.
You knew the following spells:

 Your Spells              Type           Power      Damage    Failure   Level
a - Summon Small Mammal   Summ           100%       N/A       1%          1
b - Call Imp              Summ           59%        N/A       1%          2
c - Call Canine Familiar  Summ           59%        N/A       1%          3
d - Summon Guardian Gole  Hex/Summ       52%        N/A       1%          3
e - Summon Lightning Spi  Summ/Air       53%        N/A       1%          4
f - Summon Mana Viper     Hex/Summ       52%        N/A       3%          5
g - Summon Cactus Giant   Summ           29%        N/A       6%          6
h - Summon Forest         Summ/Tloc      25%        N/A       4%          5
i - Yara's Violent Unrav  Hex/Tmut       19%        3d9       12%         5

Your spell library contained the following spells:

 Spells                   Type           Power      Damage    Failure   Level
 Freeze                   Ice            48%        1d7       5%          1
 Blink                    Tloc           74%        N/A       1%          2
 Static Discharge         Conj/Air       29%        3-7/arc   1%          2
 Gell's Gravitas          Tloc           37%        N/A       1%          3
 Teleport Other           Tloc           37%        N/A       1%          3
 Tukima's Dance           Hex            43%        N/A       1%          3
 Passwall                 Tmut/Erth      19%        N/A       2%          2
 Passage of Golubria      Tloc           37%        N/A       4%          4
 Summon Ice Beast         Ice/Summ       38%        N/A       4%          4
 Manifold Assault         Tloc           37%        N/A       14%         5
 Frozen Ramparts          Ice            24%        1d4       16%         3
 Ozocubu's Armour         Ice            12%        N/A       16%         3
 Stone Arrow              Conj/Erth      24%        3d8       16%         3
 Petrify                  Tmut/Erth      23%        N/A       19%         4
 Lightning Bolt           Conj/Air       14%        1d28      30%         5
 Metabolic Englaciation   Hex/Ice        14%        N/A       34%         5
 Hailstorm                Conj/Ice       12%        3d5       45%         4
 Irradiate                Conj/Tmut      11%        3d15      45%         5
 Dispersal                Tloc           18%        N/A       61%         6
 Summon Horrible Things   Summ           29%        N/A       95%         8
 Storm Form               Tmut/Air       20%        N/A       97%         7
 Ozocubu's Refrigeration  Ice            6%         4d8       100%        7
 Maxwell's Capacitive Co  Air            23%        ∞         100%        8
 Necromutation            Tmut/Necr      11%        N/A       100%        8
 Chain Lightning          Conj/Air       14%        3d19      100%        9
 Fire Storm               Conj/Fire      6%         8d2       100%        9
 Shatter                  Erth           6%         3d9*      100%        9
 Simulacrum               Ice/Necr       Unusable   N/A       N/A         6

Dungeon Overview and Level Annotations

Branches:
Dungeon (12/15)            Temple (0/1) D:7            Lair (5/5) D:9
  Swamp (0/4) Lair:3        Snake (2/4) Lair:2        Slime (0/5) Lair:5
    Orc (2/2) D:9             Elf (0/3) Orc:2         Sewer (visited)

Altars:
Ashenzari
Cheibriados
Elyvilon
Gozag
Makhleb
Okawaru
Trog
Uskayaw
Vehumet
Wu Jian
Xom
Jiyva

Shops:
D:3 (   D:9 !*[*   D:12 =   Orc:2 (:*?!   Lair:2 :=

Portals:
Pandemonium: Orc:2

Annotations:
D:2 Sigmund
D:6 1 runed translucent door, Ihaveafatcat's ghost, novice HOFi
D:10 2 runed translucent doors
Snake:1 Jorgrun
Orc:1 4 transporters


Innate Abilities, Weirdness & Mutations

You have sharp claws.
You have razor-sharp teeth.
You have supernaturally acute eyesight. (SInv)
You cover ground quickly. (Speed+)
Your thick and shaggy fur keeps you warm. (AC +3, rC+)
Your paws help you pounce on unaware monsters.
You are incapable of wielding weapons or throwing items.
You cannot wear armour.
You gain extra lives every three experience levels.


Message History

Your mana viper twists and deforms.
The unravelling engulfs your mana viper!
You kill your mana viper!
Your mana viper disappears in a puff of smoke!
The salamander completely misses you. Jorgrun gestures at you while chanting.
You resist with almost no effort.
Casting: Yara's Violent Unravelling (dangerous; 12% risk of failure)
Confirm with . or Enter, or press ? or * to list all spells.
A mana viper appears with a sibilant hiss.
Your cactus giant barely misses Jorgrun.
The salamander misses you. Jorgrun gestures at you while chanting.
You resist with almost no effort. What are your orders? t - Meow!
Orders for allies: a - Attack new target. p - Attack previous target. r - Retreat! s - Stop attacking. g - Guard the area. f - Follow me.
Anything else - Cancel.
Gang up on whom?
Press: ? - help, Dir - move target, f/p - Jorgrun
Aim: Jorgrun, wielding a staff of earth and wearing a +2 robe of fire resistance (moderately wounded, misshapen and mutated, ally target) Attack!
The salamander misses you. The salamander misses you.
Your mana viper bites Jorgrun!!
Jorgrun's magic leaks into the air.
Jorgrun hits your mana viper with a staff of earth!
Jorgrun shatters your mana viper!
Your mana viper closely misses Jorgrun.
The salamander completely misses you.
Casting: Summon Mana Viper (dangerous; 3% risk of failure)
Confirm with . or Enter, or press ? or * to list all spells.
Your mana viper closely misses Jorgrun.
Jorgrun hits your mana viper with a staff of earth.
Jorgrun shatters your mana viper.
Your cactus giant misses Jorgrun.
A naga warrior comes into view.
It is wielding a +0 trident and wearing a +1 tower shield of protection.
The salamander hits you from afar with a +0 trident.
* * * LOW HITPOINT WARNING * * *
You are engulfed in flames!
You die...
Your body crumbles into a pile of gold.

###.#####.#.##..... #.
#...........#......###)
#...........#..........
##.##>.........#..........
....###......### #........
#....##.##.## #........
#.....#..### ##......
.....#...# ##....#
.....h.@.# #...##
...#.#CS.# #...#. #..Ng.#
#....#. ##....# ##.###.
###..N..# ## #. ####.## #.
..# #. .# #. .# #.


You could see Jorgrun (misshapen, ally target, magic disrupted), a naga warrior,
a salamander (misshapen, ally target), a friendly mana viper (summoned), a
friendly cactus giant (summoned) and a friendly warg (summoned).

Vanquished Creatures
  2 orc high priests (Orc:2)
  A smoke demon (Orc:2)
  A blink frog (Lair:4)
  A water moccasin (Lair:2)
  A wolf (Lair:3)
  A phantom (D:5)
  2 bullfrogs (Lair:3)
  An electric eel (Lair:3)
  2 orc wizards (D:8)
  An orc (D:8)
  An endoplasm (D:2)
  2 giant cockroaches
  A goblin (D:2)
  A jackal (D:3)
  4 bats
  A frilled lizard (D:2)
  A kobold (D:1)
24 creatures vanquished.

Vanquished Creatures (collateral kills)
  Rupert (D:12)
  Snorg (D:11)
  5 hydras
  3 boulder beetles
  Fannar (D:12)
  2 demonspawn (Orc:2)
  5 anacondas (Snake:1)
  4 catoblepae (Lair:5)
  2 two-headed ogres (D:12)
  A naga warrior (Snake:1)
  8 death yaks
  2 shock serpents (Snake:1)
  7 orc high priests (Orc:2)
  2 naga sharpshooters (Snake:1)
  A salamander mystic (Snake:1)
  A naga ritualist (Snake:1)
  2 deep elf pyromancers
  3 orc knights (Orc:2)
  A salamander (Snake:1)
  A mana viper (Snake:1)
  An ugly thing (D:12)
  2 cyclopes
  3 orc sorcerers (Orc:2)
  2 manticores (Lair:5)
  4 elephants (Lair:5)
  Maurice (D:12)
  17 black mambas
  Joseph (D:7)
  2 naga magi (Snake:1)
  8 cane toads
  A torpor snail (Lair:3)
  A gargoyle (D:11)
  5 kobold demonologists
  3 unseen horrors (D:12)
  6 komodo dragons
  Psyche (D:9)
  2 rime drakes
  2 red devils (Orc:2)
  5 trolls
  A slime creature (D:12)
  8 blink frogs
  14 dream sheep (Lair:5)
  A wyvern (Lair:5)
  2 wraiths
  50 yaks
  3 basilisks
  A chaos spawn (Orc:2)
  3 vampire mosquitoes (D:12)
  A steam dragon (D:7)
  2 wargs
  6 nagas (Snake:1)
  2 acid dragons
  18 water moccasins
  4 nameless horrors
  2 sky beasts
  4 ice beasts
  31 orc warriors
  2 black bears (D:6)
  4 centaurs
  3 ogres
  28 wolves
  6 kobold brigands
  2 necrophages
  10 bullfrogs
  A gnoll sergeant (D:10)
  3 scorpions
  A wight (D:8)
  7 killer bees
  A howler monkey (D:9)
  5 hounds
  3 gnoll boudas
  2 jellies (D:6)
  23 orc priests
  Jessica (D:3)
  7 iguanas
  Natasha (thrice) (D:3)
  28 orc wizards
  Robin (D:2)
  13 gnolls
  A river rat (Sewer)
  5 adders
  3 shadow imps
  2 white imps
  An ufetubus (D:5)
  5 worms
  2 dart slugs
  74 orcs
  9 ball pythons
  6 endoplasms
  7 giant cockroaches
  11 goblins
  8 hobgoblins
  9 jackals
  5 quokkas
  5 bats
  3 frilled lizards
  21 kobolds
  6 rats
610 creatures vanquished.

Vanquished Creatures (others)
  2 hydras (Lair:3)
  7 death yaks
  An orc knight (Orc:2)
  2 elephants (Lair:5)
  A black mamba (Lair:2)
  2 cane toads
  A troll (D:9)
  13 yaks
  3 orc warriors
  An ice beast (D:3)
  4 wolves (Lair:1)
  An ogre (D:3)
  2 bullfrogs
  A gnoll sergeant (D:5)
  7 wights
  A killer bee (D:7)
  An adder (D:3)
  7 gnolls
  3 orcs
  An endoplasm (D:3)
  32 fungi
  58 plants
  A snaplasher vine (Snake:1)
152 creatures vanquished.

Grand Total: 786 creatures vanquished

Notes
Turn   | Place    | Note
-------+----------+-------------------------------------------
     0 | D:1      | croobank the Felid Summoner began the quest for the Orb.
     0 | D:1      | Reached XP level 1. HP: 7/7 MP: 4/4
   547 | D:1      | Reached skill level 3 in Dodging
   691 | D:1      | Reached XP level 2. HP: 11/11 MP: 3/6
   694 | D:1      | Learned a level 2 spell: Call Imp
  1627 | D:2      | Reached XP level 3. HP: 15/15 MP: 2/7
  1821 | D:2      | Noticed Sigmund
  2042 | D:2      | Learned a level 3 spell: Call Canine Familiar
  2056 | D:2      | Reached skill level 1 in Fighting
  2063 | D:2      | Noticed Robin
  2072 | D:2      | Killed Robin
  2545 | D:2      | Reached XP level 4. HP: 19/19 MP: 3/8
  3335 | D:3      | Noticed Natasha
  3357 | D:3      | Killed Natasha
  3358 | D:3      | Reached skill level 4 in Dodging
  3372 | D:3      | Noticed Natasha
  3380 | D:3      | Killed Natasha
  3461 | D:3      | Noticed Natasha
  3479 | D:3      | Killed Natasha
  3480 | D:3      | Reached XP level 5. HP: 22/22 MP: 4/10
  3487 | D:3      | Learned a level 3 spell: Summon Guardian Golem
  3556 | D:3      | Found a faded altar of an unknown god.
  3567 | D:3      | Found Odorgh's Weapon Shop.
  3861 | D:3      | Noticed an ogre
  3861 | D:3      | Noticed an ice beast
  3888 | D:3      | Killed an ogre
  3889 | D:3      | Reached skill level 1 in Hexes
  3911 | D:3      | Reached skill level 5 in Summonings
  3911 | D:3      | Gained mutation: You are covered in thick fur. (AC +2)
                  | [Felid growth]
  3911 | D:3      | Reached XP level 6. HP: 13/27 MP: 3/12
  3940 | D:3      | Killed an ice beast
  3941 | D:3      | Reached skill level 5 in Dodging
  4581 | D:3      | Found a radiant altar of Vehumet.
  4596 | D:3      | Noticed Jessica
  4601 | D:3      | Killed Jessica
  4974 | D:3      | Identified a scroll of acquirement
  4974 | D:3      | Acquired croobank's Tome of Amassed Variation
  5064 | D:4      | Found an opulent altar of Gozag.
  5071 | D:4      | Became a worshipper of Gozag Ym Sagoz the Greedy
  5110 | D:4      | Reached XP level 7. HP: 31/31 MP: 10/13
  5115 | D:4      | Learned a level 4 spell: Summon Lightning Spire
  5714 | D:4      | Found a glowing drain.
  5724 | Sewer    | Entered a sewer
  5968 | Sewer    | Found a glowing silver altar of Zin.
  6390 | D:5      | Entered Level 5 of the Dungeon
  6944 | D:5      | Reached skill level 6 in Dodging
  6944 | D:5      | Reached skill level 1 in Air Magic
  7293 | D:5      | Reached XP level 8. HP: 36/36 MP: 13/15
  7643 | D:5      | Reached skill level 5 in Hexes
  7999 | D:6      | You fall into a shaft and drop 2 floors!
  8198 | D:7      | Found a staircase to the Ecumenical Temple.
  8414 | D:6      | Reached skill level 7 in Dodging
  8630 | D:6      | Reached skill level 5 in Spellcasting
  9013 | D:6      | Reached skill level 5 in Fighting
  9060 | D:6      | Reached XP level 9. HP: 32/40 MP: 4/17
  9791 | D:6      | Noticed Ihaveafatcat's ghost (novice HOFi)
  9806 | D:6      | Found a runed translucent door.
 10065 | D:6      | Learned a level 5 spell: Summon Mana Viper
 10101 | D:7      | Reached skill level 8 in Dodging
 11119 | D:7      | Found an iron altar of Okawaru.
 11124 | D:7      | Noticed Joseph
 11207 | D:7      | Killed Joseph
 11340 | D:7      | Noticed a deep elf pyromancer
 11353 | D:7      | Killed a deep elf pyromancer
 11354 | D:7      | Reached skill level 9 in Dodging
 11369 | D:7      | Reached XP level 10. HP: 28/46 MP: 7/20
 11917 | D:7      | Found a burning altar of Makhleb.
 13631 | D:9      | Reached skill level 10 in Dodging
 13708 | D:9      | Found a staircase to the Orcish Mines.
 13727 | D:9      | Found Yjeybehu's Distillery.
 13732 | D:9      | Bought a potion of ambrosia for 120 gold pieces
 13732 | D:9      | Bought a potion of haste for 150 gold pieces
 13732 | D:9      | Bought a potion of cancellation for 120 gold pieces
 13732 | D:9      | Bought a potion of magic for 120 gold pieces
 13732 | D:9      | Bought a potion of brilliance for 60 gold pieces
 13798 | D:9      | Noticed a rust devil
 14119 | D:9      | Found Mosch's Assorted Antiques.
 14120 | D:9      | Found Jesarele's Armour Boutique.
 14121 | D:9      | Found Jies's Assorted Antiques.
 14217 | D:9      | Bought a scroll of fear for 108 gold pieces
 14217 | D:9      | Bought a scroll of identify for 54 gold pieces
 14217 | D:9      | Bought a scroll of identify for 54 gold pieces
 14227 | D:9      | Bought a glowing glass wand for 112 gold pieces
 14227 | D:9      | Bought a scroll labelled PITEHE PUZXE for 28 gold pieces
 14227 | D:9      | Bought a potion of heal wounds for 140 gold pieces
 14227 | D:9      | Bought a large silver ring for 140 gold pieces
 14513 | D:9      | Identified the ring of Sunlight {MP+9 Stlth+}
 15049 | D:9      | Noticed Psyche
 15054 | D:9      | Killed Psyche
 15055 | D:9      | Reached XP level 11. HP: 47/51 MP: 23/23
 15110 | D:9      | Found a staircase to the Lair.
 15138 | D:10     | Entered Level 10 of the Dungeon
 15523 | D:10     | Found a runed translucent door.
 15614 | D:10     | Found a white marble altar of Elyvilon.
 15620 | D:10     | Found a broken altar of Ashenzari.
 15624 | D:10     | Found a snail-covered altar of Cheibriados.
 15625 | D:10     | Found a hide-covered altar of Uskayaw.
 15627 | D:10     | Found a bloodstained altar of Trog.
 15628 | D:10     | Found a shimmering altar of Xom.
 15754 | D:10     | Found a runed translucent door.
 15898 | D:11     | Noticed a boulder beetle
 15982 | Lair:1   | Entered Level 1 of the Lair of Beasts
 16004 | Lair:1   | Noticed a death yak
 16040 | Lair:1   | Killed a death yak
 16041 | Lair:1   | Reached skill level 11 in Dodging
 16194 | Lair:1   | Noticed a death yak
 16202 | Lair:1   | Noticed a death yak
 16203 | Lair:1   | Noticed a death yak
 16216 | Lair:1   | Killed a death yak
 16259 | Lair:1   | Killed a death yak
 16266 | Lair:1   | Killed a death yak
 16346 | Lair:1   | Reached skill level 5 in Air Magic
 16596 | Lair:1   | Noticed a four-headed hydra
 16612 | Lair:1   | Killed a four-headed hydra
 16953 | Lair:1   | Reached skill level 12 in Dodging
 17336 | Lair:2   | Reached skill level 10 in Summonings
 17363 | Lair:2   | Gained mutation: Your thick and shaggy fur keeps you warm.
                  | (AC +3, rC+) [Felid growth]
 17363 | Lair:2   | Reached XP level 12. HP: 57/57 MP: 25/25
 18222 | Lair:2   | Found a staircase to the Snake Pit.
 18305 | Lair:2   | Reached skill level 13 in Dodging
 18664 | Lair:2   | Slain by a black mamba
 18665 | Lair:2   | Reached XP level 11. HP: -5/54 MP: 23/43
 19381 | Lair:2   | Reached skill level 10 in Fighting
 19864 | Lair:3   | Noticed an eight-headed hydra
 19885 | Lair:3   | Killed an eight-headed hydra
 20261 | Lair:3   | Noticed a seven-headed hydra
 20274 | Lair:3   | Killed a seven-headed hydra
 20491 | Lair:3   | Reached XP level 12. HP: 37/58 MP: 26/26
 20668 | Lair:3   | Identified the +5 ring mail of the Saviour {Dex+3}
 20694 | Lair:3   | Found a staircase to the Swamp.
 20762 | Lair:3   | Noticed a death yak
 20762 | Lair:3   | Noticed a death yak
 20763 | Lair:3   | Noticed a death yak
 20764 | Lair:3   | Noticed a death yak
 20768 | Lair:3   | Noticed a death yak
 20770 | Lair:3   | Noticed a death yak
 20776 | Lair:3   | Killed a death yak
 20777 | Lair:3   | Reached skill level 10 in Spellcasting
 20778 | Lair:3   | Killed a death yak
 20779 | Lair:3   | Reached skill level 14 in Dodging
 20781 | Lair:3   | Killed a death yak
 20781 | Lair:3   | Killed a death yak
 20786 | Lair:3   | Killed a death yak
 20807 | Lair:3   | Killed a death yak
 21352 | Lair:4   | Found an iron altar of Okawaru.
 21733 | Lair:4   | Learned a level 6 spell: Summon Cactus Giant
 22282 | Lair:5   | Entered Level 5 of the Lair of Beasts
 22526 | Lair:5   | Reached skill level 15 in Dodging
 22570 | Lair:5   | Noticed a catoblepas
 22816 | Lair:5   | Killed a catoblepas
 22817 | Lair:5   | Reached XP level 13. HP: 53/64 MP: 12/28
 22993 | Lair:5   | Found a viscous altar of Jiyva.
 22994 | Lair:5   | Found a staircase to the Slime Pits.
 23638 | Lair:5   | Reached skill level 16 in Dodging
 25326 | Orc:1    | Entered Level 1 of the Orcish Mines
 25333 | Orc:1    | Learned a level 5 spell: Summon Forest
 25396 | Orc:2    | Entered Level 2 of the Orcish Mines
 25634 | Orc:2    | Reached skill level 1 in Translocations
 26464 | Orc:2    | Found Ifetwemp's Magic Scroll Emporium.
 26467 | Orc:2    | Found Ruqit's General Store.
 26530 | Orc:2    | Bought a wand of digging (4) for 218 gold pieces
 26530 | Orc:2    | Bought a potion of haste for 130 gold pieces
 26532 | Orc:2    | Bought a scroll of teleportation for 48 gold pieces
 26532 | Orc:2    | Bought a scroll of magic mapping for 120 gold pieces
 26685 | Orc:2    | Found a staircase to the Elven Halls.
 26718 | Orc:2    | Found Init Aqema's Distillery.
 26763 | Orc:2    | Bought a potion of cancellation for 128 gold pieces
 26763 | Orc:2    | Bought a potion of brilliance for 64 gold pieces
 26763 | Orc:2    | Bought a potion of invisibility for 128 gold pieces
 26763 | Orc:2    | Bought a potion of haste for 160 gold pieces
 26953 | Orc:2    | Reached XP level 14. HP: 70/70 MP: 29/29
 26997 | Orc:2    | HP: 1/70 [red devil/+0 trident (14)]
 26998 | Orc:2    | Demolished by an orc knight
 26999 | Orc:2    | Reached XP level 13. HP: -19/66 MP: 28/46
 27390 | Orc:1    | Reached skill level 17 in Dodging
 27603 | Orc:1    | Found an ornate altar of the Wu Jian Council.
 27604 | Orc:1    | Found a transporter.
 27617 | Orc:1    | Found a transporter.
 27629 | Orc:1    | Found a transporter.
 27649 | Orc:1    | Found a transporter.
 27650 | Orc:1    | Found an ornate altar of the Wu Jian Council.
 27650 | Orc:1    | Noticed an orc warlord
 28924 | Orc:2    | Reached skill level 5 in Translocations
 28967 | Orc:2    | HP: 2/66 [sun demon[an orc high priest] (16)]
 29183 | Orc:2    | Acquired an Inescapable Atlas
 29273 | Orc:2    | Found Miloec's Book Boutique.
 29273 | Orc:2    | Found a one-way gate leading to the halls of Pandemonium.
 29273 | Orc:2    | Found Puecoeg's Antique Weapon Shop.
 29288 | Orc:2    | Bought Great Wizards, Vol. VII for 300 gold pieces
 29695 | D:11     | Reached skill level 1 in Transmutations
 30468 | Lair:2   | Bought an amulet of reflection for 330 gold pieces
 30934 | D:11     | Noticed Snorg
 30953 | D:11     | Killed Snorg
 31163 | D:12     | Noticed Fannar
 31190 | D:12     | Killed Fannar
 31369 | D:12     | Noticed Rupert
 31371 | D:12     | Noticed Maurice
 31394 | D:12     | Killed Maurice
 31402 | D:12     | Killed Rupert
 31786 | D:12     | Reached XP level 14. HP: 71/71 MP: 7/30
 32420 | D:12     | Found Woemy's Jewellery Boutique.
 32495 | D:12     | Bought an amulet of magic regeneration for 510 gold pieces
 32575 | D:12     | Found a shimmering altar of Xom.
 33167 | Snake:1  | Entered Level 1 of the Snake Pit
 33427 | Snake:1  | Reached skill level 18 in Dodging
 34531 | Snake:1  | Slain by a salamander mystic
 34532 | Snake:1  | Reached XP level 13. HP: -5/100 MP: 38/47
 34633 | Snake:1  | Reached skill level 5 in Transmutations
 34899 | Snake:1  | Got the Lessons on Hiemal Excavation
 34906 | Snake:1  | Learned a level 5 spell: Yara's Violent Unravelling
 34920 | Snake:1  | Noticed Jorgrun
 34936 | Snake:1  | Slain by a salamander

Illustrated notes

Levels and vault maps discovered:
D:1:      amcnicky_arrival_double_pillar, layout_loops_cross
D:2:      layout_basic, serial_co_window_serial, co_window_corner_a,
          co_window_paths_b, co_window_paths_a, co_window_paths_b,
          co_window_corner_a, co_window_paths_a, co_window_paths_b,
          co_window_paths_b, co_window_paths_a, co_window_cross_4,
          co_window_corner_b, co_window_of_opportunity_b, glass_columns_c,
          glass_columns_c, glass_columns_a, uniq_robin, uniq_crazy_yiuf_cottage,
          uniq_sigmund
D:3:      layout_loops_corners, fiery_altar_vehumet, serial_shops,
          nicolae_shop_temple_entry_statues_fountains, basic_ecumenical_altar,
          minmay_divided_ellipse, uniq_jessica, uniq_natasha
D:4:      kb_forest_paths, layout_gridville, overflow_temple_1_default,
          portal_sewer_entry_a, serial_glass, glass_columns_a, glass_columns_b
D:5:      layout_basic
D:6:      layout_loops_ring, hellmonk_ghost_happy_afterlife, amethyst_killhole,
          nicolae_hexahallways
D:7:      layout_layer_cave, nicolae_overflow_crystal_walls, marbit_many_paths,
          temple_statues, minmay_manual_monolith, uniq_joseph
D:8:      layout_loops_ring
D:9:      layout_roguey, lair_entry_dummy, orc_0_dummy, serial_shops,
          kennysheep_little_box, nicolae_wooded_promenade, uniq_psyche
D:10:     cheibrodos_histonic, layout_loops_ring, minitemple
D:11:     layout_roguey, grunt_ministairs_5, uniq_snorg
D:12:     layout_basic, serial_shops, shop, tgw_xom, uniq_rupert, uniq_fannar,
          uniq_maurice
Lair:1:   layout_loops_ring
Lair:2:   layout_roguey, minmay_snake_entry_six_corridors
Lair:3:   layout_loops_ring, swamp_mist_pool, infiniplex_staircase_pool_2,
          serial_bayou_shore_a, grunt_megastairs_3, lemuel_fruit_fields
Lair:4:   layout_hall_layers, basic_altar
Lair:5:   evilmike_catoblepas_cave, layout_cellular_growth, slime_entry_1,
          lemuel_fruit_fields
Snake:1:  layout_honeycomb, uniq_aizul, uniq_jorgrun
Snake:2:  layout_layer_cave
Orc:1:    dreamdust_wu_jian_sword_trials, layout_caves
Orc:2:    pf_orc_diabolical, layout_caves, serial_shops,
          nicolae_shop_hallway_plus, lemuel_statue_altar

Skill      XL: |  1  2  3  4  5  6  7  8  9 10 11 12 13 14 |
---------------+-------------------------------------------+-----
Dodging        | 3 4 5 6 7 9 10 12 15 17 18 | 18.3
Stealth        | 3 |  3.0
Fighting       | 1 2 3 5 6 7 10 11 13 14 | 14.2
Spellcasting   | 3 4 5 6 7 8 10 11 | 11.5
Hexes          | 2 3 4 5 6 7 |  7.0
Summonings     | 5 6 7 9 10 11 | 11.7
Air Magic      | 1 2 3 4 6 7 |  7.7
Translocations | 5 |  5.6
Transmutations | 5 4 |  5.1

Action                   |  1- 3 |  4- 6 |  7- 9 | 10-12 | 13-15 || total
-------------------------+-------+-------+-------+-------+-------++-------
Melee: Unarmed           |    24 |    10 |    45 |    55 |    50 ||   184
       Bite              |     1 |     1 |     7 |    13 |     9 ||    31
       Punch             |       |       |     1 |     1 |     2 ||     4
 Cast: Summon Small Mamm |    54 |    21 |    54 |    34 |    15 ||   178
       Call Imp          |    19 |     4 |    26 |    26 |     7 ||    82
       Call Canine Famil |     5 |    20 |    54 |    64 |    55 ||   198
       Summon Guardian G |       |     4 |    17 |    45 |    26 ||    92
       Summon Lightning  |       |       |    11 |    84 |    51 ||   146
       Summon Mana Viper |       |       |     2 |    48 |   102 ||   152
       Summon Cactus Gia |       |       |       |     4 |    90 ||    94
       Summon Forest     |       |       |       |       |     8 ||     8
       Yara's Violent Un |       |       |       |       |     1 ||     1
Invok: Call Merchant     |       |       |       |     2 |       ||     2
       Potion Petition   |       |       |       |       |     4 ||     4
Evoke: Wand              |       |       |     1 |     7 |     4 ||    12
  Use: Potion            |       |     1 |     4 |     4 |     6 ||    15
       Scroll            |       |     5 |     7 |    11 |     8 ||    31
 Stab: Sleeping          |     1 |       |       |       |       ||     1
       Distracted        |       |       |       |     3 |     1 ||     4
       Paralysed         |       |       |       |     5 |       ||     5
Armor: Skin              |     3 |     2 |     7 |    13 |    13 ||    38
Dodge: Dodged            |    36 |    27 |    98 |   214 |   333 ||   708
Block: Other             |       |       |       |       |     1 ||     1
